 Dungeon Crawl Stone Soup version 0.30-a0-165-g1891117ce2 (webtiles) character file.

Game seed: 1301699509606688305

4238 Pooter the Cleaver (level 10, -2/88 HPs)
             Began as a Minotaur Fighter on Sept 29, 2022.
             Was an Initiate of Gozag.
             Slain by an orc knight
             ... wielding a +0 halberd
              (16 damage)
             ... in a bailey.
             The game lasted 00:34:29 (8061 turns).

Pooter the Cleaver (Minotaur Fighter)               Turns: 8061, Time: 00:34:30

Health: -2/88      AC:  4    Str: 24    XL:     10   Next: 9%
Magic:  9/9        EV:  7    Int:  5    God:    Gozag
Gold:   250        SH: 19    Dex: 11    Spells: 9/9 levels left

rFire   . . .      SeeInvis .    a - +2 war axe
rCold   . . .      Faith    .    K - +0 tower shield
rNeg    . . .      Spirit   .    i - +1 leather armour "Okhent" {Slay+6}
rPois   .          Reflect  +    (helmet restricted)
rElec   .          Harm     .    (no cloak)
rCorr   .          Rampage  .    (no gloves)
Will    +....                    (no boots)
Stlth   +.........               e - amulet of reflection
HPRegen 0.24/turn                s - ring of willpower
MPRegen 0.11/turn                D - ring of flight

@: mighty, flying
A: horns 2, retaliatory headbutt
a: Renounce Religion, Potion Petition, Call Merchant, Bribe Branch


You were in a bailey.
You worshipped Gozag.
Gozag was aware of your devotion.
You visited 2 branches of the dungeon, and saw 9 of its levels.
You also visited: Bailey.

You collected 667 gold pieces.
You spent 246 gold pieces at shops.
You paid 171 gold pieces to Gozag.

Inventory:

Hand Weapons
 a - a +2 war axe (weapon)
 b - a +1 vorpal sling
   (You bought it in a shop on level 7 of the Dungeon)
 k - a +0 arbalest
   (You took it off an orc warrior in a bailey)
 n - a +2 vorpal arbalest
   (You found it in a bailey)
 q - a +0 trident
   (You found it on level 4 of the Dungeon)
 E - a +3 morningstar
   (You took it off an orc priest on level 5 of the Dungeon)
Missiles
 c - a throwing net {!f}
 r - 7 poisoned darts
 y - 7 boomerangs (quivered)
 F - 12 boomerangs of dispersal {!f}
 O - 4 atropa-tipped darts
 Q - 38 stones
Armour
 i - the +1 leather armour "Okhent" (worn) {Slay+6}
   (You found it on level 7 of the Dungeon)

   Slay:      It affects your accuracy & damage with ranged weapons and melee
   (+6).
 I - a +3 plate armour
   (You took it off a hobgoblin on level 3 of the Dungeon)
 K - a +0 tower shield (worn)
   (You found it on level 7 of the Dungeon)
Jewellery
 e - an amulet of reflection (around neck)
   (You found it on level 1 of the Dungeon)
 s - a ring of willpower (left hand)
   (You found it on level 4 of the Dungeon)
 C - a ring of resist corrosion
   (You found it on level 6 of the Dungeon)
 D - a ring of flight (right hand)
   (You found it on level 6 of the Dungeon)
 W - a ring of wizardry
   (You found it on level 4 of the Dungeon)
Wands
 A - a wand of quicksilver (7)
   (You took it off Eustachio on level 5 of the Dungeon)
 N - a wand of charming (2)
   (You found it on level 7 of the Dungeon)
Scrolls
 f - 3 scrolls of poison {!r}
 g - a scroll of butterflies
 m - a scroll of torment {!r}
 o - 2 scrolls of vulnerability {!r}
 t - 2 scrolls of teleportation {@r4}
 u - 2 scrolls of immolation {!r}
 w - 3 scrolls of summoning
 B - a scroll of silence
 H - a scroll of noise {unknown}
 L - a scroll of fear {unknown}
Potions
 d - 2 potions of might
 h - 4 potions of curing {@q1}
 j - a potion of haste {@q3}
 l - 2 potions of cancellation
 p - 3 potions of lignification {!q}
 v - 2 potions of attraction {!q}
 x - a potion of heal wounds {@q2}
 z - 2 potions of mutation {!q}
 G - a potion of flight {unknown}
 J - a potion of brilliance
 M - a potion of invisibility {unknown}


   Skills:
 + Level 8.2 Fighting
 * Level 10.7(11.1) Axes
 + Level 4.8(8.4) Maces & Flails
 * Level 4.5 Ranged Weapons
 - Level 6.5 Armour
 + Level 7.3 Shields
 + Level 3.5 Evocations


You had 9 spell levels left.
You didn't know any spells.
Your spell library contained the following spells:

 Spells                   Type           Power      Damage    Failure   Level
 Ensorcelled Hibernation  Hex/Ice        0%         N/A       100%        2
 Ignite Poison            Fire/Tmut/Pois 0%         N/A       100%        3
 Spider Form              Tmut/Pois      0%         N/A       100%        3
 Stone Arrow              Conj/Erth      0%         3d7       100%        3
 Anguish                  Hex/Necr       0%         N/A       100%        4
 Animate Armour           Summ/Erth      0%         N/A       100%        4
 Sticky Flame             Conj/Fire      0%         2d3       100%        4
 Ignition                 Fire           0%         3d3       100%        8
 Lehudib's Crystal Spear  Conj/Erth      0%         10d2      100%        8


Dungeon Overview and Level Annotations

Branches:
Dungeon (8/15)             Temple (1/1) D:7            Lair (0/5) D:8
 Bailey (1/1)

Altars:
Ashenzari
Cheibriados
Dithmenos
Elyvilon
Fedhas
Gozag
Hepliaklqana
Kikubaaqudgha
Nemelex Xobeh
Okawaru
Qazlal
Ru
Vehumet
Wu Jian
Xom
Yredelemnul
Zin
The Shining One

Shops:
D:3 ?   D:5 =   D:7 (

Annotations:
D:3 2 transporters
D:7 2 transporters, Iusername's ghost, novice MiFi


Innate Abilities, Weirdness & Mutations

You have a pair of horns on your head.
You reflexively headbutt those who attack you in melee.


Message History

You furiously retaliate!
You headbutt the orc warrior, but do no damage.
You slash the orc warrior! Your headbutt misses the orc warrior.
You block the orc warrior's attack.
You barely miss the orc warrior. Your headbutt misses the orc warrior.
The orc warrior is distracted by your dazzling golden aura.
The orc warrior shouts!
You slice the orc warrior!!
You kill the orc warrior!
You now have 250 gold pieces (gained 5).
Things that are here:
a +0 spear; a +0 plate armour
There is an open door, spattered with blood here.
Okay, then.
Okay, then.
As you open the gate, it creaks loudly!
Found a glowing arbalest.
Found two gates leading back out of this place.
There is an open gate here.
You see here a +2 vorpal arbalest.
n - a +2 vorpal arbalest You reach down and open the door. 3 orc knights come into view.
The orc knight shouts! x3
Found a manual of Fighting and 2 scrolls of enchant armour.
Found a roughly hewn altar of Beogh.
You feel very mighty all of a sudden.
The orc knight roars a battlecry!
The orc knights go into a battle-frenzy!
The orc knight hits you from afar with a +0 glaive!
You block the orc knight's attack. x3
There is an open door here.
You slash the orc knight! Your headbutt misses the orc knight.
You slice the orc knight!! You closely miss the orc knight.
The orc knight hits you with a +0 glaive!!
The orc knight hits you with a +0 glaive!!!
* * * LOW HITPOINT WARNING * * *
You block the orc knight's attack.
You slash the orc knight! You headbutt the orc knight!
You barely miss the orc knight. You hit the orc knight.
The orc knight completely misses you. You furiously retaliate!
You headbutt the orc knight!
The orc knight roars a battlecry!
The orc knight goes into a battle-frenzy!
You block the orc knight's attack.
Unknown command.
You block the orc knight's attack.
The orc knight hits you from afar with a +0 halberd!
You die...
Your body crumbles into a pile of gold.

. ###≈≈...............≈≈###≈≈...
.≈##.##≈...............≈##.##≈...
.≈#.))).....................#≈...
.≈##)∩#≈...............≈#∩)##≈...
.≈≈#.##≈....#######....≈##)#≈≈...
..≈≈.≈≈≈...##....##....≈≈≈.≈≈....
..........##.....##..............
.........##..#'''##..............
.........#..##∩.@##..##..........
........##.####o####.##..........
........##.')#oo.#)'.##..........
........##.###._.###.##..........
........##.')#?.:#)'.##..........
........##.#########.##..........
.........#..##.#)##..#...........
.........##..#'#'#..##...........
..........##.......##......[.....


You could see 3 orc knights.

Vanquished Creatures
  Psyche (D:8)
  A kobold demonologist (D:6)
  Grinder (D:4)
  Eustachio (D:5)
  Menkaure (D:4)
  16 orc warriors
  A black bear (D:6)
  An ice beast (D:7)
  3 ogres
  A centaur (D:7)
  2 phantoms
  Blork the orc (D:5)
  A bullfrog (D:7)
  2 scorpions (D:5)
  A howler monkey (D:7)
  2 jellies
  A gnoll bouda (D:4)
  2 hounds
  3 orc priests
  Natasha (thrice) (D:2)
  2 iguanas
  6 orc wizards
  Robin (D:4)
  8 gnolls
  7 adders
  2 shadow imps
  A white imp (D:6)
  A worm (D:2)
  A dart slug (D:2)
  27 orcs
  7 ball pythons
  4 bats
  7 endoplasms
  5 giant cockroaches
  22 goblins
  10 hobgoblins
  5 jackals
  4 quokkas
  3 frilled lizards (D:2)
  14 kobolds
  5 rats
187 creatures vanquished.

Vanquished Creatures (others)
  6 plants (D:7)
6 creatures vanquished.

Grand Total: 193 creatures vanquished

Notes
Turn   | Place    | Note
-------+----------+-------------------------------------------
     0 | D:1      | Pooter the Minotaur Fighter began the quest for the Orb.
     0 | D:1      | Reached XP level 1. HP: 19/19 MP: 0/0
   143 | D:1      | Reached XP level 2. HP: 27/27 MP: 1/1
   190 | D:1      | Reached skill level 3 in Axes
   305 | D:1      | Found a faded altar of an unknown god.
   595 | D:2      | Reached XP level 3. HP: 31/33 MP: 2/2
   851 | D:2      | Reached XP level 4. HP: 13/40 MP: 3/3
  1208 | D:2      | Noticed Natasha
  1213 | D:2      | Killed Natasha
  1214 | D:2      | Reached skill level 4 in Axes
  1310 | D:2      | Noticed Natasha
  1341 | D:2      | Killed Natasha
  1342 | D:2      | Reached XP level 5. HP: 11/47 MP: 4/4
  1588 | D:2      | Noticed Natasha
  1594 | D:2      | Killed Natasha
  1950 | D:3      | Found a snail-covered altar of Cheibriados.
  2120 | D:3      | Found Taxishom's Magic Scroll Shoppe.
  2125 | D:3      | Bought a scroll of identify for 22 gold pieces
  2125 | D:3      | Bought a scroll of identify for 22 gold pieces
  2125 | D:3      | Bought a scroll of identify for 22 gold pieces
  2125 | D:3      | Bought a scroll of teleportation for 33 gold pieces
  2155 | D:3      | Reached skill level 5 in Axes
  2356 | D:3      | Found an ancient bone altar of Kikubaaqudgha.
  2421 | D:3      | Found a transporter.
  2441 | D:3      | Found a transporter.
  2654 | D:4      | Noticed Robin
  2665 | D:4      | Killed Robin
  2666 | D:4      | Reached XP level 6. HP: 38/55 MP: 5/5
  2806 | D:4      | Found a sacrificial altar of Ru.
  2817 | D:4      | Reached skill level 5 in Armour
  2892 | D:4      | Noticed Menkaure
  2901 | D:4      | Killed Menkaure
  2902 | D:4      | Reached skill level 5 in Fighting
  2902 | D:4      | Reached skill level 5 in Shields
  3056 | D:4      | Found a broken altar of Ashenzari.
  3331 | D:4      | Reached skill level 6 in Axes
  3338 | D:4      | Reached XP level 7. HP: 50/61 MP: 6/6
  3621 | D:4      | Noticed Grinder
  3626 | D:4      | Killed Grinder
  3828 | D:5      | Entered Level 5 of the Dungeon
  3906 | D:5      | Reached skill level 7 in Axes
  4127 | D:5      | Noticed Eustachio
  4137 | D:5      | Killed Eustachio
  4138 | D:5      | Reached XP level 8. HP: 48/70 MP: 7/7
  4481 | D:5      | Found a glowing golden altar of the Shining One.
  4520 | D:5      | Noticed Blork the orc
  4526 | D:5      | Killed Blork the orc
  4577 | D:5      | Found Ysmeri's Jewellery Boutique.
  4614 | D:5      | Reached skill level 8 in Axes
  4782 | D:6      | Reached skill level 1 in Maces & Flails
  4809 | D:6      | Reached skill level 1 in Evocations
  4869 | D:6      | Identified the +1 long sword of Inejev {vorpal, rF+ Will+
                  | Int+3}
  4938 | D:6      | Noticed a kobold demonologist
  4945 | D:6      | Killed a kobold demonologist
  4967 | D:6      | Reached skill level 9 in Axes
  4980 | D:6      | Found a stormy altar of Qazlal.
  5630 | D:6      | Reached XP level 9. HP: 79/79 MP: 8/8
  5708 | D:7      | Found Viaful's Weapon Boutique.
  5719 | D:7      | Bought a +1 vorpal sling for 147 gold pieces
  5788 | D:7      | Identified the +5 spear of Desperation {chaos, Str+7 Int+2
                  | SInv}
  5808 | D:7      | Identified the +1 leather armour "Okhent" {Slay+6}
  5856 | D:7      | Found a staircase to the Ecumenical Temple.
  5863 | Temple   | Entered the Ecumenical Temple
  6214 | D:7      | Reached skill level 1 in Ranged Weapons
  6317 | Temple   | Became a worshipper of Gozag Ym Sagoz the Greedy
  6469 | D:7      | Noticed Iusername's ghost (novice MiFi)
  6510 | D:7      | Found a white marble altar of Elyvilon.
  6646 | D:7      | Found a transporter.
  6647 | D:7      | Found a transporter.
  6726 | D:8      | Found a hazy altar of Hepliaklqana.
  6775 | D:8      | Noticed Psyche
  6781 | D:8      | Killed Psyche
  6798 | D:8      | Found a flagged portal.
  6966 | Bailey   | Entered a bailey
  7021 | Bailey   | Reached skill level 10 in Axes
  7643 | Bailey   | Reached XP level 10. HP: 58/88 MP: 9/9
  8056 | Bailey   | Noticed an orc knight
  8056 | Bailey   | Noticed an orc knight
  8056 | Bailey   | Noticed an orc knight
  8061 | Bailey   | Slain by an orc knight

Illustrated notes

Levels and vault maps discovered:
D:1:      wheals_arrival_shading, layout_rooms, basic_ecumenical_altar
D:2:      kb_forest_paths, layout_rooms, corexii_corridor_pit, uniq_natasha
D:3:      gammafunk_wand_slinger, layout_basic,
          mainiacjoe_overflow_cross_hatched, kiku_gazebo_pond_becter,
          serial_shops, nicolae_shop_hallway_plus, reono_crystal_passage,
          feat_on_display
D:4:      layout_loops_corners, nicolae_ru_great_annihilating_truth,
          kennysheep_little_box, palyth_stone_intersect, corexii_hall_statues_x,
          uniq_grinder, uniq_menkaure, uniq_robin
D:5:      layout_basic, tso_metal_star, serial_shops,
          nicolae_shop_hallway_stairs, corexii_corridor_pit, uniq_blork_the_orc,
          uniq_eustachio
D:6:      layout_loops_corners, mainiacjoe_overflow_surrounded_room,
          minmay_unpleasant_kobolds
D:7:      layout_loops_cross, mainiacjoe_overflow_24_doors,
          nicolae_overflow_hidden_temple, minmay_temple_entry_waves,
          serial_shops, shop_statue, gammafunk_ghost_gnarly_gnolls
D:8:      lemuel_ratsnest, layout_basic, mainiacjoe_overflow_small_starburst,
          nicolae_overflow_crystal_walls, erik_lair_dragon, enter_bailey_5,
          minmay_strange_pillars, uniq_psyche
Temple:   dpeg_chambers_temple
Bailey:   bailey_polearm_2, bailey

Skill      XL: |  1  2  3  4  5  6  7  8  9 |
---------------+----------------------------+-----
Axes           | 3 4 5 6 7 9 10 | 10.7
Armour         | 4 5 6 |  6.5
Shields        | 4 5 6 7 |  7.3
Fighting       | 4 5 6 7 8 |  8.2
Maces & Flails | 3 4 |  4.8
Evocations     | 2 3 |  3.5
Ranged Weapons | 4 |  4.5

Action                   |  1- 3 |  4- 6 |  7- 9 | 10-12 || total
-------------------------+-------+-------+-------+-------++-------
Melee: War axe           |    61 |   126 |   103 |    16 ||   306
       Headbutt          |    12 |    25 |    35 |     4 ||    76
       Morningstar       |       |       |    70 |       ||    70
 Fire: Sling             |       |       |     2 |       ||     2
Throw: Stone             |       |       |     3 |       ||     3
       Boomerang         |       |       |     1 |       ||     1
       Dart              |       |       |     4 |       ||     4
Evoke: Wand              |       |     3 |     7 |       ||    10
  Use: Scroll            |       |    13 |    11 |       ||    24
       Potion            |       |     1 |     2 |     1 ||     4
 Stab: Paralysed         |       |     1 |       |       ||     1
Armor: Scale mail        |    19 |    21 |       |       ||    40
       Plate armour      |       |    38 |    51 |       ||    89
       Chain mail        |       |     1 |       |       ||     1
       Leather armour    |       |       |     6 |       ||     6
Dodge: Dodged            |    28 |    36 |    35 |     3 ||   102
Block: Buckler           |    31 |    68 |    54 |       ||   153
       Reflection        |     1 |     1 |    22 |       ||    24
       Tower shield      |       |       |    77 |    18 ||    95

Table legend: (Time is in decaauts)
 A = Elapsed time spent in this place.
 B = Non-inter-level travel time spent in this place.
 C = Inter-level travel time spent in this place.
 D = Time resting spent in this place.
 E = Time spent auto-exploring this place.
 F = Levels seen in this place.
 G = Mean time per level.
                   A        B        C        D        E       F      G
               +--------+--------+--------+--------+--------+-----+--------+
         Total |   8171 |   7862 |    309 |   1849 |   4537 |  10 |  817.1 |
       Dungeon |   6745 |   6570 |    175 |    992 |   4371 |   8 |  843.1 |
        Temple |    316 |    182 |    134 |      0 |    166 |   1 |  316.0 |
        Bailey |   1109 |   1109 |      0 |    857 |      0 |   1 | 1109.0 |
               +--------+--------+--------+--------+--------+-----+--------+

Top non-repeatable levels by time:
     D:2: 1296 daAuts
     D:4: 1224 daAuts
  Bailey: 1109 daAuts
     D:6: 941 daAuts
     D:5: 935 daAuts
     D:7: 879 daAuts
     D:3: 785 daAuts
     D:1: 587 daAuts
  Temple: 316 daAuts
     D:8: 97 daAuts
